 Dungeon Crawl Stone Soup version 0.31-a0-640-g39d97e502b (webtiles) character file.

Game seed: 14395695830230411090

115 qw the Shooter (level 5, -5/32 HPs)
             Began as a Gargoyle Hunter on Aug 27, 2023.
             Killed by divine providence
             ... invoked by an orc priest
              (11 damage)
             ... on level 3 of the Dungeon.
             The game lasted 00:00:43 (1691 turns).

qw the Shooter (Gargoyle Hunter)                    Turns: 1691, Time: 00:00:43

Health: -5/32      AC: 11    Str: 15    XL:     5   Next: 0%
Magic:  5/5        EV: 11    Int:  9    God:
Gold:   56         SH:  0    Dex: 15    Spells: 4/4 levels left

rFire   . . .        Y - +0 shortbow
rCold   . . .        (shield currently unavailable)
rNeg    + . .        e - +0 ring mail
rPois   inf          (no helmet)
rElec   +            g - +0 cloak
rCorr   .            f - +0 pair of gloves
SInv    .            (no boots)
Will    .....        (no amulet)
Stlth   +            (no ring)
HPRegen 0.25/turn    (no ring)
MPRegen 0.09/turn

%: no passive effects
@: no status effects
A: sickness immunity, AC +4, negative energy resistance 1, electricity
resistance, torment resistance 1, petrification resistance
a: no special abilities


You were on level 3 of the Dungeon.
You visited 1 branch of the dungeon, and saw 3 of its levels.

You collected 56 gold pieces.


Innate Abilities, Weirdness & Mutations

You are immune to sickness and miasma.
Your stone body is resilient. (AC +4)
You are immune to poison.
You resist negative energy. (rN+)
You are resistant to electric shocks. (rElec)
You are resistant to unholy torment.
You are immune to petrification.


   Skills:
 - Level 3.0 Fighting
 + Level 5.7 Ranged Weapons
 - Level 1.0 Armour
 - Level 1.5 Dodging
 - Level 1.1 Stealth


You had 4 spell levels left.
You didn't know any spells.
Your spell library was empty.

Inventory:

Hand Weapons
 Y - a +0 shortbow (weapon)
Armour
 e - a +0 ring mail (worn)
 f - a +0 pair of gloves (worn)
 g - a +0 cloak (worn)
Scrolls
 a - 2 scrolls of identify

Dungeon Overview and Level Annotations

Branches:
Dungeon (3/15)

Altars:


Message History

The arrow hits the orc but does no damage.
You shoot an arrow. The arrow completely misses the orc.
You shoot an arrow. The arrow closely misses the orc.
An orc priest comes into view. It is wielding a +0 dagger.
You shoot an arrow. The orc priest shouts!
The arrow hits the orc.
The orc is almost dead.
You hear a shout!
You shoot an arrow. The arrow hits the orc!
You kill the orc!
The orc priest looks satisfied for a moment.
The orc priest invokes the aid of Beogh against you.
You barely resist.
An orc comes into view. It is wielding a +0 flail.
You shoot an arrow. The arrow hits the orc priest.
The orc priest is moderately wounded.
You shoot an arrow. The arrow hits the orc!
You kill the orc!
You have reached level 5!
You shoot an arrow. The arrow hits the orc priest.
The orc priest is heavily wounded.
You shoot an arrow. The arrow hits the orc priest.
The orc priest is severely wounded.
The orc priest invokes the aid of Beogh against you.
Beogh smites you!
You shoot an arrow. The arrow hits the orc priest.
The orc priest is almost dead.
The orc priest calls down the wrath of Beogh upon you.
Beogh smites you!
You hear a shout!
You shoot an arrow.
The arrow closely misses the orc priest.
You hear a shout!
You shoot an arrow. The arrow hits the orc priest.
The orc priest is heavily wounded.
The orc priest hits you but does no damage.
The orc priest mumbles some strange prayers to Beogh against you.
Beogh smites you!
You die...

##.#.#.#######
#...........<#
##.#.#.#####.#
.#######....##
#.#
........>#.##
#.# ..#####..#.#
#.# #..#.# .#.
#....#####.# #
.......#@.o)))#
.####..o######.#
./..... ####.###
#. #. #.


You could see 2 orc priests.

Vanquished Creatures
  5 adders (D:2)
  A worm (D:2)
  5 orcs (D:3)
  3 ball pythons (D:2)
  4 endoplasms
  2 giant cockroaches
  7 goblins
  7 hobgoblins
  5 jackals (D:1)
  2 kobolds
  2 quokkas (D:1)
  5 bats
  2 frilled lizards (D:1)
  6 rats
56 creatures vanquished.

Notes
Turn   | Place    | Note
-------+----------+-------------------------------------------
     0 | D:1      | qw the Gargoyle Hunter began the quest for the Orb.
     0 | D:1      | Reached XP level 1. HP: 12/12 MP: 1/1
     0 | D:1      | 0 ||| qw: Version: 0.3-a-74-g0d5e918
     0 | D:1      | 0 ||| qw: Game counter: 57
     0 | D:1      | 0 ||| qw: Melee chars always use a shield: true
     0 | D:1      | 0 ||| qw: God list: Okawaru
     0 | D:1      | 0 ||| qw: Allow faded altars: false
     0 | D:1      | 0 ||| qw: Do Orc after clearing Dungeon:15 true
     0 | D:1      | 0 ||| qw: Do second Lair branch before Depths: true
     0 | D:1      | 0 ||| qw: Lair rune preference: random
     0 | D:1      | 0 ||| qw: Goals: Normal
     0 | D:1      | 0 ||| PLANNING D:1-11
   137 | D:1      | Reached XP level 2. HP: 17/17 MP: 2/2
   336 | D:1      | Reached XP level 3. HP: 21/21 MP: 3/3
   589 | D:1      | Reached skill level 5 in Ranged Weapons
   591 | D:1      | 591 ||| UPGRADING to +0 ring mail.
   601 | D:1      | 601 ||| DROPPING +0 leather armour.
   602 | D:1      | 602 ||| UPGRADING to +0 pair of gloves.
   607 | D:1      | 607 ||| UPGRADING to +0 cloak.
   612 | D:1      | 612 ||| READING scroll labelled RAVEIST OBLEIN.
   613 | D:1      | 613 ||| DROPPING scroll of butterflies.
   705 | D:2      | Reached skill level 1 in Armour
  1052 | D:2      | Reached XP level 4. HP: 27/27 MP: 4/4
  1057 | D:2      | Reached skill level 3 in Fighting
  1626 | D:2      | 1626 ||| READING 2 scrolls labelled UHOOPL UMNOUM.
  1627 | D:2      | 1627 ||| READING scroll labelled GOMEINNED NOAB.
  1687 | D:3      | Reached XP level 5. HP: 32/32 MP: 5/5
  1689 | D:3      | HP: 5/32 [orc priest/divine providence (13)]
  1691 | D:3      | Killed from afar by an orc priest

Levels and vault maps discovered:
D:1:      wander_arrival_lonely_grave, layout_loops_ring
D:2:      layout_basic
D:3:      layout_loops_ring, uniq_natasha

Skill      XL: |  1  2  3  4 |
---------------+-------------+-----
Ranged Weapons | 5 |  5.7
Armour         | 1 |  1.0
Fighting       | 3 |  3.0
Dodging        | |  1.5
Stealth        | |  1.1

Action                     |  1- 3 |  4- 6 || total
---------------------------+-------+-------++-------
   Fire: Shortbow          |   131 |    70 ||   201
    Use: Scroll            |     1 |     2 ||     3
 Armour: Leather armour    |    15 |       ||    15
         Ring mail         |     9 |    22 ||    31
  Dodge: Dodged            |    36 |    18 ||    54

Table legend:
 A = Non-vault XP
 B = Vault XP
 C = Vault XP percentage of total XP
 D = Non-vault monster count
 E = Vault monster count
 F = Vault count percentage of total count
                 A         B        C        D         E       F
            +---------+---------+-------+---------+---------+-------
      Total |     165 |       0 |   0.0 |      56 |       0 |   0.0
            +---------+---------+-------+---------+---------+-------
        D:1 |      40 |       0 |   0.0 |      23 |       0 |   0.0
        D:2 |     110 |       0 |   0.0 |      28 |       0 |   0.0
        D:3 |      15 |       0 |   0.0 |       5 |       0 |   0.0
            +---------+---------+-------+---------+---------+-------
